 Dungeon Crawl Stone Soup version 0.32-a0-921-g04a7ad8e02 (webtiles) character file.

Game seed: 14733032000905111635

4344 flinch the Prestidigitator (level 10, -8/79 HPs)
             Began as a Coglin Artificer on Apr 12, 2024.
             Was a Priest of Beogh.
             Mangled by Borgun the orc apostle
             ... wielding a +3 heavy dire flail
              (22 damage)
             ... on level 7 of the Dungeon.
             The game lasted 00:16:06 (7207 turns).

flinch the Prestidigitator (Coglin Artificer)       Turns: 7207, Time: 00:16:07

Health: -8/79      AC: 16    Str: 17    XL:     10   Next: 34%
Magic:  12/12      EV:  7    Int: 11    God:    Beogh [***...]
Gold:   362        SH:  0    Dex: 14    Spells: 9/9 levels left

rFire   . . .        i - +4 dagger (venom) {Sextus}
rCold   . . .        t - +2 flail (protect) {Carlos}
rNeg    . . .        g - +0 chain mail
rPois   .            (no helmet)
rElec   .            (no cloak)
rCorr   .            F - +2 pair of gloves
SInv    .            E - +2 pair of boots
Will    .....        (amulet unavailable) Stlth
                     (ring unavailable)
HPRegen 0.33/turn    (ring unavailable)
MPRegen 0.13/turn    (no gizmo)

%: no passive effects
@: slowed, revving, very slow
A: off-hand wielding, slow wielding, warmup strikes, no jewellery
a: Invent Gizmo, Renounce Religion, Smiting, Recall Apostles, Dismiss Borgun,
warrior, Dismiss Berold, wizard


You were on level 7 of the Dungeon.
You worshipped Beogh.
Beogh was most pleased with you.
You visited 1 branch of the dungeon, and saw 7 of its levels.
You also visited: Sewer.

You collected 492 gold pieces.
You spent 130 gold pieces at shops.

Inventory:

Hand Weapons
 i - a +4 dagger of venom (weapon) {Sextus}
 l - a +0 mace {Fernanda}
 s - a +0 mace {Ilse}
 t - a +2 flail of protection (offhand) {Carlos}
 C - a +0 morningstar
 J - a +2 long sword of holy wrath
Missiles
 f - 2 datura-tipped darts
 h - 4 darts of dispersal
 r - 13 poisoned darts
 I - a throwing net
Armour
 g - a +0 chain mail (worn)
 q - a +1 leather armour of cold resistance
 E - a +2 pair of boots (worn)
 F - a +2 pair of gloves (worn)
Wands
 c - a wand of flame (29) (quivered)
 d - a wand of charming (11)
 e - a wand of iceblast (4)
 G - a wand of polymorph (1)
Scrolls
 b - a scroll of identify
 o - 5 scrolls of teleportation
 y - a scroll of enchant weapon
 z - a scroll of blinking
 A - a scroll of fog {unknown}
 D - a scroll of revelation {unknown}
Potions
 a - a potion of resistance {unknown}
 j - 2 potions of might
 k - 2 potions of enlightenment {unknown}
 m - a potion of degeneration {unknown}
 n - a potion of invisibility {unknown}
 p - 4 potions of curing
 u - 2 potions of haste {unknown}
 v - 3 potions of lignification
 w - 2 potions of brilliance {unknown}
 x - 2 potions of heal wounds {unknown}
 B - 3 potions of magic {unknown}
 H - a potion of cancellation {unknown}
 K - 2 potions of mutation {unknown}


   Skills:
 + Level 7.2 Fighting
 - Level 2.0 Short Blades
 + Level 6.3 Maces & Flails
 + Level 3.6 Throwing
 + Level 6.0 Armour
 - Level 0.8 Dodging
 - Level 0.7 Stealth
 + Level 3.8 Invocations
 - Level 8.0 Evocations


You had 9 spell levels left.
You didn't know any spells.
Your spell library contained the following spells:

 Spells                   Type           Power      Damage    Failure   Level
 Apportation              Tloc           0%         N/A       97%         1
 Necrotise                Necr           0%         1d4       97%         1
 Slow                     Hex            0%         N/A       97%         1
 Sting                    Conj/Alch      0%         1d3       97%         1
 Summon Small Mammal      Summ           0%         N/A       97%         1
 Mercury Vapours          Alch/Air       0%         N/A       99%         2
 Confusing Touch          Hex            0%         N/A       100%        3
 Frozen Ramparts          Ice            0%         1d1       100%        3
 Maxwell's Portable Pile  Tloc           0%         2d(5-13)  100%        3
 Mephitic Cloud           Conj/Alch/Air  0%         N/A       100%        3
 Ozocubu's Armour         Ice            0%         N/A       100%        3
 Vampiric Draining        Necr           0%         2d6       100%        3
 Leda's Liquefaction      Alch/Erth      0%         N/A       100%        4
 Petrify                  Alch/Erth      0%         N/A       100%        4
 Arcjolt                  Conj/Air       0%         1d10      100%        5
 Freezing Cloud           Conj/Ice/Air   0%         6-21      100%        5
 Metabolic Englaciation   Hex/Ice        0%         N/A       100%        5
 Maxwell's Capacitive Co  Air            0%         ∞         100%        8


Dungeon Overview and Level Annotations

Branches:
Dungeon (7/15)             Temple (0/1) D:5           Sewer (visited)

Altars:
Cheibriados
Hepliaklqana
Sif Muna
Trog
Wu Jian

Shops:
D:3 !


Innate Abilities, Weirdness & Mutations

Your facial features look somewhat orcish.
You can wield a second weapon in your off-hand.
It takes a long time for you to wield or remove held weapons.
Your first few attacks do less damage.
You cannot equip rings or amulets.


Message History

You strike Berold from behind!
You hit Berold with your +4 dagger of venom.
Berold looks as sick as possible!
Berold is heavily wounded.
You thump Berold with your +2 flail of protection!
Berold gestures at you while chanting.
The puff of frost hits you but does no damage.
Unknown command.
You hit Berold but do no damage.
Berold is severely wounded.
You miss Berold with your +4 dagger of venom.
Berold gestures at you while chanting. The puff of frost hits you!
* * * LOW HITPOINT WARNING * * *
Unknown command.
Unknown command.
You hit Berold but do no damage.
Berold looks as sick as possible!
Berold is almost dead.
You closely miss Berold with your +2 flail of protection.
Berold casts a spell at you. The puff of frost hits you!
* * * LOW HITPOINT WARNING * * *
Unknown command.
You feel better. Berold gestures at you while chanting.
You feel yourself slow down.
Unknown command.
You barely miss Berold with your +2 flail of protection.
Berold is almost dead.
You hit Berold with your +4 dagger of venom.
Berold looks as sick as possible!
Berold shouts, "I yield!
You are indeed the chosen one!"
Berold looks more healthy.
Beogh will allow you to induct Berold into your service.
You anoint Berold with ash and charcoal and welcome them as a companion.
Borgun barely misses you.
You swap places.
Borgun hits you with a +3 heavy dire flail!!
You die...
Beogh appreciates Borgun's killing of a heretic priest.

#)# #.# ♣
#)###.#
#(....###
#.###...## #[#
#.#..# ..#
#....# ##.#
###..##
....####o..#
.......o.@.###
....?..###...#
....... #...#
..?...##.§...#
...... ###...#
...... #####
...>. .@...


You could see the friendly Berold the orc apostle and the friendly Borgun the
orc apostle (confused).

Vanquished Creatures
  Prince Ribbit (D:7)
  4 water moccasins
  A black bear (D:4)
  A sky beast (D:7)
  An ice beast (D:6)
  An ogre (D:5)
  A crocodile (Sewer)
  2 centaurs
  2 kobold brigands (D:7)
  A bullfrog (D:7)
  A gnoll sergeant (D:6)
  6 scorpions
  Blork the orc (D:6)
  A wight (D:7)
  2 killer bees (D:7)
  2 howler monkeys
  An orc priest (D:3)
  6 hounds
  3 jellies (D:6)
  2 iguanas (D:4)
  A sleepcap (D:5)
  Natasha (thrice) (D:4 D:5)
  6 orc wizards
  8 gnolls
  7 adders
  A shadow imp (D:7)
  2 white imps (D:7)
  An ufetubus (D:7)
  A ribbon worm (D:3)
  13 orcs
  7 bats
  7 endoplasms
  3 giant cockroaches
  10 goblins
  3 hobgoblins
  13 jackals
  15 kobolds
  5 quokkas
  12 ball pythons
  2 frilled lizards
  4 rats
  A butterfly (D:5)
165 creatures vanquished.

Vanquished Creatures (collateral kills)
  A cyclops (D:7)
  Joseph (D:7)
  A hornet (shapeshifter) (D:7)
  A wyvern (D:7)
  A water moccasin (D:7)
  An orc warrior (D:7)
  2 bullfrogs (D:7)
  A hound (D:7)
  2 gnolls (D:3)
11 creatures vanquished.

Vanquished Creatures (others)
  Ijyb (D:3)
  2 gnolls
  2 orcs
  8 foxfires (D:7)
13 creatures vanquished.

Grand Total: 189 creatures vanquished

Notes
Turn   | Place    | Note
-------+----------+-------------------------------------------
     0 | D:1      | flinch the Coglin Artificer began the quest for the Orb.
     0 | D:1      | Reached XP level 1. HP: 15/15 MP: 1/1
   129 | D:1      | Reached XP level 2. HP: 21/21 MP: 2/2
   536 | D:1      | Reached XP level 3. HP: 27/27 MP: 3/3
  1091 | D:2      | Reached skill level 1 in Maces & Flails
  1886 | D:3      | Reached skill level 5 in Evocations
  1886 | D:3      | Reached XP level 4. HP: 11/34 MP: 4/4
  1992 | D:3      | Became a worshipper of Beogh the Shepherd
  2123 | D:3      | Noticed Ijyb
  2137 | D:3      | Your ally Ijyb died
  2200 | D:3      | Reached XP level 5. HP: 38/39 MP: 5/5
  2227 | D:3      | Found a snail-covered altar of Cheibriados.
  2257 | D:3      | Found Kushrur's Distillery.
  2262 | D:3      | Reached skill level 1 in Short Blades
  2268 | D:3      | Bought a potion of curing for 39 gold pieces
  2268 | D:3      | Bought a potion of lignification for 39 gold pieces
  2426 | D:3      | Found a faded altar of an unknown god.
  2610 | D:3      | Reached * piety under Beogh
  2775 | D:3      | Bought a potion of might for 52 gold pieces
  2850 | D:3      | Reached XP level 6. HP: 23/47 MP: 6/6
  2955 | D:4      | Noticed Natasha
  3264 | D:4      | Reached skill level 6 in Evocations
  3339 | D:4      | Killed Natasha
  3365 | D:5      | Entered Level 5 of the Dungeon
  3466 | D:3      | Found a hazy altar of Hepliaklqana.
  3485 | D:4      | Noticed a black bear
  3545 | D:4      | Killed a black bear
  3546 | D:4      | Reached XP level 7. HP: 39/53 MP: 7/7
  4276 | D:5      | Reached ** piety under Beogh
  4289 | D:5      | Noticed Natasha
  4299 | D:5      | Killed Natasha
  4322 | D:5      | Reached skill level 7 in Evocations
  4352 | D:5      | Reached XP level 8. HP: 59/61 MP: 8/8
  4462 | D:5      | Found a staircase to the Ecumenical Temple.
  4591 | D:5      | Noticed Natasha
  4603 | D:5      | Killed Natasha
  4604 | D:5      | Reached skill level 5 in Fighting
  4891 | D:6      | Found an ornate altar of the Wu Jian Council.
  4891 | D:6      | Found a shimmering blue altar of Sif Muna.
  4891 | D:6      | Found a bloodstained altar of Trog.
  4939 | D:6      | Reached skill level 8 in Evocations
  4993 | D:6      | Found a glowing drain.
  5011 | Sewer    | Entered a sewer
  5168 | Sewer    | Reached skill level 1 in Invocations
  5335 | D:6      | Noticed Sigmund
  5336 | D:6      | Sigmund changed into Sigmund the howler monkey
  5336 | D:6      | Noticed Sigmund
  5342 | D:6      | Killed Sigmund the howler monkey
  5457 | D:6      | Reached XP level 9. HP: 57/69 MP: 8/10
  5534 | D:6      | Noticed Blork the orc
  5540 | D:6      | Reached skill level 5 in Maces & Flails
  5756 | D:6      | Killed Blork the orc
  6140 | D:7      | Reached skill level 1 in Throwing
  6147 | D:7      | Reached *** piety under Beogh
  6163 | D:7      | Noticed Prince Ribbit
  6194 | D:7      | Killed Prince Ribbit
  6195 | D:7      | Anointed Borgun the warrior as your apostle
  6382 | D:7      | Reached skill level 5 in Armour
  6755 | D:7      | Noticed a hornet
  6755 | D:7      | Noticed a cyclops
  6767 | D:7      | Killed a cyclops
  6768 | D:7      | Reached XP level 10. HP: 49/79 MP: 12/12
  7179 | D:7      | Noticed Joseph
  7189 | D:7      | Noticed Berold
  7193 | D:7      | Killed Joseph
  7206 | D:7      | Anointed Berold the wizard as your apostle
  7207 | D:7      | Mangled by Borgun the orc apostle

Illustrated notes

Levels and vault maps discovered:
D:1:      mrwooster_arrival_statue_2, layout_loops_cross, minmay_tromino_i4
D:2:      layout_basic, serial_forest, infiniplex_forest_zigzag_2,
          infiniplex_forest_straight_1, infiniplex_forest_end_double,
          infiniplex_forest_straight_2, infiniplex_forest_straight_2,
          infiniplex_forest_clump_diagonal, infiniplex_forest_clump_small,
          infiniplex_forest_clump_small
D:3:      layout_basic, nicolae_overflow_ecumenical_swirl,
          nicolae_overflow_crystal_walls, serial_shops,
          nicolae_shop_industrial_runoff, uniq_ijyb
D:4:      layout_basic, minmay_cupped, uniq_natasha
D:5:      layout_basic, minmay_temple_entry_butterflies
D:6:      layout_loops_ring, grunt_temple_overflow_open,
          cheibrodos_sewer_entry_sluice, st_stairs_12,
          chequers_serial_rivers_small_a, uniq_sigmund, uniq_blork_the_orc
D:7:      nzn_winding_woodlands_stair_cross
          [nzn_winding_woodlands_5x15_sawtooth,
          nzn_winding_woodlands_center_diamonds,
          nzn_winding_woodlands_5x15_longhouse, nzn_winding_woodlands_hourglass,
          nzn_winding_woodlands_5x5_perimeter, nzn_winding_woodlands_5x15_cabin,
          nzn_winding_woodlands_center_pierced_h,
          nzn_winding_woodlands_5x15_eye], layout_rooms, uniq_pikel,
          uniq_prince_ribbit1, uniq_joseph

Skill      XL: |  1  2  3  4  5  6  7  8  9 10 |
---------------+-------------------------------+-----
Fighting       | 2 3 4 5 7 |  7.2
Maces & Flails | 1 2 3 4 6 |  6.3
Evocations     | 5 6 7 8 |  8.0
Short Blades   | 1 2 |  2.0
Armour         | 2 3 4 5 6 |  6.0
Invocations    | 1 3 |  3.8
Throwing       | 3 |  3.6
Dodging        | |  0.8
Stealth        | |  0.7

Action                     |  1- 3 |  4- 6 |  7- 9 | 10-12 || total
---------------------------+-------+-------+-------+-------++-------
  Melee: Dagger            |    11 |    82 |   188 |    29 ||   310
         Club              |     8 |       |       |       ||     8
         Whip              |    34 |       |       |       ||    34
         Mace              |    72 |    14 |       |       ||    86
         Flail             |       |    87 |   200 |    30 ||   317
  Throw: Dart              |       |       |     2 |       ||     2
 Invoke: Convert to Beogh  |       |     1 |       |       ||     1
         Recruit Apostle   |       |       |     1 |     1 ||     2
  Evoke: Wand              |       |     2 |    10 |       ||    12
    Use: Scroll            |       |       |     5 |       ||     5
         Potion            |       |       |     2 |     1 ||     3
   Stab: Distracted        |       |       |       |     1 ||     1
 Armour: Chain mail        |    67 |   138 |   231 |    40 ||   476
  Dodge: Dodged            |    21 |    53 |    57 |    14 ||   145

Table legend: (Time is in decaauts)
 A = Elapsed time spent in this place.
 B = Non-inter-level travel time spent in this place.
 C = Inter-level travel time spent in this place.
 D = Time resting spent in this place.
 E = Time spent auto-exploring this place.
 F = Levels seen in this place.
 G = Mean time per level.
                   A        B        C        D        E       F      G
               +--------+--------+--------+--------+--------+-----+--------+
         Total |   7276 |   6772 |    504 |   1487 |   3532 |   8 |  909.5 |
       Dungeon |   7043 |   6539 |    504 |   1398 |   3517 |   7 | 1006.1 |
         Sewer |    233 |    233 |      0 |     89 |     15 |   1 |  233.0 |
               +--------+--------+--------+--------+--------+-----+--------+

Top non-repeatable levels by time:
     D:3: 1317 daAuts
     D:6: 1130 daAuts
     D:2: 1124 daAuts
     D:5: 963 daAuts
     D:7: 898 daAuts
     D:1: 849 daAuts
     D:4: 759 daAuts
   Sewer: 233 daAuts
